 Dungeon Crawl Stone Soup version 0.29-a0-380-gf50f0a9fbc (webtiles) character file.

Game seed: 1793718447355070783

7 Antichthon the Skirmisher (level 2, 0/24 HPs)
             Began as a Formicid Abyssal Knight on May 5, 2022.
             Was a Believer of Lugonu.
             Slain by a gnoll
             ... wielding a +0 whip
              (1 damage)
             ... on level 1 of the Dungeon.
             The game lasted 00:00:32 (454 turns).

Antichthon the Skirmisher (Formicid Abyssal Knight)  Turns: 454, Time: 00:00:32

Health: 0/24       AC:  5    Str: 17    XL:     2   Next: 10%
Magic:  3/3        EV: 10    Int:  9    God:    Lugonu [**....]
Gold:   50         SH:  0    Dex: 11    Spells: 1/1 levels left

rFire   . . .      SeeInvis +   a - +1 mace
rCold   . . .      Faith    .   (no shield)
rNeg    . . .      Spirit   .   f - +0 ring mail
rPois   .          Reflect  .   (helmet unavailable)
rElec   .          Harm     .   (no cloak)
rCorr   .          Rampage  .   (no gloves)
Will    .....                   (no boots)
Stlth   +.........              (no amulet)
HPRegen 0.08/turn               (no ring)
MPRegen 0.08/turn               (no ring)

@: no status effects
A: permanent stasis, dig shafts and tunnels, antennae 3, four strong arms
a: Dig, Shaft Self, Renounce Religion, Depart the Abyss, Bend Space


You were on level 1 of the Dungeon.
You worshipped Lugonu.
Lugonu was pleased with you.
You visited 1 branch of the dungeon, and saw 1 of its levels.
You visited the Abyss 1 time.

You collected 50 gold pieces.

Inventory:

Hand Weapons
 a - a +1 mace (weapon)
Armour
 f - a +0 ring mail (worn)
Scrolls
 e - a scroll of noise {unknown}
Potions
 c - 2 potions of curing {unknown}
 d - 2 potions of might {unknown}


   Skills:
 - Level 3.2 Fighting
 - Level 2.0 Maces & Flails
 * Level 1.6 Crossbows
 - Level 2.1 Armour
 - Level 0.8 Dodging
 - Level 2.1 Invocations


You had one spell level left.
You didn't know any spells.
Your spell library was empty.

Dungeon Overview and Level Annotations

Branches:
Dungeon (1/15)

Altars:


Innate Abilities, Weirdness & Mutations

You cannot be hasted, slowed, berserked, paralysed or teleported.
You can dig through walls and to a lower floor.
You have a pair of large antennae on your head. (SInv)
Your four strong arms can wield two-handed weapons with a shield.


Message History

There are monsters nearby!
A ball python comes into view.
Things that are here:
a +0 club; a goblin corpse You see here a +0 leather armour.
The kobold hits you with a +0 dagger.
You miss the kobold. The kobold hits you but does no damage.
The kobold hits you with a +0 dagger.
You closely miss the kobold. The kobold hits you with a +0 dagger.
You barely miss the kobold. The kobold hits you but does no damage.
You completely miss the kobold.
The kobold hits you but does no damage. x2
You completely miss the kobold. The kobold barely misses you.
You hit the kobold.
You kill the kobold!
Lugonu accepts your kill.
You completely miss the gnoll. The gnoll hits you with a +0 whip.
You barely miss the gnoll. The gnoll hits you with a +0 whip. x2
You closely miss the gnoll. The gnoll closely misses you.
You hit the gnoll.
The gnoll is moderately wounded.
The gnoll barely misses you.
You hit the gnoll.
The gnoll is severely wounded.
The gnoll hits you with a +0 whip. x2
* * * LOW HITPOINT WARNING * * *
You closely miss the gnoll.
The gnoll is severely wounded.
The gnoll barely misses you.
You hit the gnoll but do no damage.
The gnoll is severely wounded.
The gnoll barely misses you.
You hit the gnoll.
The gnoll is almost dead.
The gnoll barely misses you. The gnoll hits you with a +0 whip.
* * * LOW HITPOINT WARNING * * *
Unknown command.
You barely miss the gnoll.
The gnoll is almost dead.
The gnoll hits you with a +0 whip.
You die...

#..........
#.........
..........
#).......
#..K....S #### {
#.......# ...##
# #.......#
##..####
#.#######.#
###....#
#....@g)..#
.......#
########..#
.......# ##..#
.......# #...#
####..## #.)##
#####'###.#
#..#############
.....)..#.#
#..#...........#
........#.#
#..#.#########.#
........#.#
#..#.#..........


You could see a gnoll.

Vanquished Creatures
  2 goblins (D:1)
  A quokka (D:1)
  A ball python (D:1)
  A bat (D:1)
  2 kobolds (D:1)
7 creatures vanquished.

Notes
Turn   | Place    | Note
-------+----------+-------------------------------------------
     0 | Abyss:1  | Antichthon the Formicid Abyssal Knight began the quest for
                  | the Orb.
     0 | Abyss:1  | Reached XP level 1. HP: 18/18 MP: 2/2
    12 | D:1      | Escaped the Abyss
   250 | D:1      | Reached skill level 1 in Crossbows
   400 | D:1      | Reached XP level 2. HP: 21/24 MP: 3/3
   453 | D:1      | HP: 1/24 [gnoll/+0 whip (3)]
   454 | D:1      | Slain by a gnoll

Illustrated notes

Levels and vault maps discovered:
D:1:      giann_horns, layout_basic

Skill      XL: |  1 |
---------------+----+-----
Crossbows      | 1 |  1.6
Fighting       | |  3.2
Maces & Flails | |  2.0
Armour         | |  2.1
Dodging        | |  0.8
Invocations    | |  2.1

Action                   || total
-------------------------++-------
Melee: Mace              ||    31
Armor: Leather armour    ||     6
       Ring mail         ||     4
Dodge: Dodged            ||    22

Table legend: (Time is in decaauts)
 A = Elapsed time spent in this place.
 B = Non-inter-level travel time spent in this place.
 C = Inter-level travel time spent in this place.
 D = Time resting spent in this place.
 E = Time spent auto-exploring this place.
 F = Levels seen in this place.
 G = Mean time per level.
                   A        B        C        D        E       F      G
               +--------+--------+--------+--------+--------+-----+--------+
         Total |    462 |    462 |      0 |      0 |    356 |   2 |  231.0 |
       Dungeon |    450 |    450 |      0 |      0 |    352 |   1 |  450.0 |
         Abyss |     12 |     12 |      0 |      0 |      4 |   1 |   12.0 |
               +--------+--------+--------+--------+--------+-----+--------+

Top non-repeatable levels by time:
     D:1: 450 daAuts
 Abyss:1: 12 daAuts
